 Dungeon Crawl Stone Soup version 0.30-a0-1164-ge08a67761e (webtiles) character file.

Game seed: 1315986065097285397

193 themarg the Caller (level 5, -5/35 HPs)
             Began as a Merfolk Summoner on Apr 29, 2023.
             Slain by a cerulean imp
             ... wielding a +2 spear
             ... summoned by Natasha
              (7 damage)
             ... on level 3 of the Dungeon.
             The game lasted 00:08:21 (2821 turns).

themarg the Caller (Merfolk Summoner)               Turns: 2821, Time: 00:08:21

Health: -5/35      AC:  2    Str: 15    XL:     5   Next: 72%
Magic:  8/8        EV: 17    Int: 16    God:
Gold:   79         SH:  0    Dex: 14    Spells: 2/8 levels left

rFire   . . .        h - +0 dagger
rCold   . . .        (no shield)
rNeg    . . .        a - +0 robe
rPois   .            (no helmet)
rElec   .            (no cloak)
rCorr   .            (no gloves)
SInv    .            (no boots)
Will    .....        q - amulet of the acrobat
Stlth   ++           n - +6 ring of strength
HPRegen 0.25/turn    u - +5 ring of evasion
MPRegen 0.11/turn

%: acrobat
@: no status effects
A: (nimble swimmer 2), mertail
a: no special abilities


You were on level 3 of the Dungeon.
You visited 1 branch of the dungeon, and saw 3 of its levels.

You collected 79 gold pieces.

Inventory:

Hand Weapons
 h - a +0 dagger (weapon)
Missiles
 g - 37 stones
 s - 5 javelins
Armour
 a - a +0 robe (worn)
 c - a +0 pair of gloves
 o - a +0 helmet
Jewellery
 n - a +6 ring of strength (left hand)
 q - an amulet of the acrobat (around neck)
 u - a +5 ring of evasion (right hand)
Scrolls
 e - 4 scrolls of identify {unknown}
 f - a scroll of fear {unknown}
 k - a scroll of blinking {unknown}
 m - 3 scrolls of teleportation {unknown}
 r - a scroll of magic mapping {unknown}
 t - a scroll of enchant armour {unknown}
Potions
 b - a potion of magic
 d - a potion of invisibility {unknown}
 i - a potion of brilliance {unknown}
 j - 2 potions of lignification {unknown}
 l - a potion of curing {unknown}
 p - 2 potions of might {unknown}


   Skills:
 - Level 2.6 Dodging
 - Level 2.1 Stealth
 - Level 2.0 Spellcasting
 - Level 2.0 Hexes
 + Level 6.4 Summonings


You had 2 spell levels left.
You knew the following spells:

 Your Spells              Type           Power      Damage    Failure   Level
a - Summon Small Mammal   Summ           88%        N/A       1%          1
b - Call Imp              Summ           44%        N/A       2%          2
c - Summon Guardian Gole  Hex/Summ       15%        N/A       11%         3

Your spell library contained the following spells:

 Spells                   Type           Power      Damage    Failure   Level
 Call Canine Familiar     Summ           22%        N/A       4%          3
 Summon Lightning Spire   Summ/Air       11%        N/A       50%         4
 Vhi's Electric Charge    Tloc/Air       2%         N/A       52%         3
 Arcjolt                  Conj/Air       0%         1d10      99%         5
 Maxwell's Capacitive Co  Air            0%         ∞         100%        8


Dungeon Overview and Level Annotations

Branches:
Dungeon (3/15)

Altars:

Shops:
D:2 [

Annotations:
D:3 Natasha


Innate Abilities, Weirdness & Mutations

((You are very nimble when in or above water. (Stealth+, EV+, Speed+++)))
Your lower body shifts to a powerful aquatic tail in water.


Message History

Your guardian golem overheats!
The goblin hits your guardian golem but does no damage.
The cerulean imp completely misses you. Natasha claws you but does no damage.
The cerulean imp completely misses you.
Your quokka closely misses Natasha.
The goblin hits your guardian golem with a +0 club.
Flame seeps out of your guardian golem.
Things that are here:
a +0 shortbow; a centaur corpse You barely miss Natasha.
Natasha is moderately wounded.
The cerulean imp hits you from afar with a +0 spear.
Natasha misses you.
Your quokka closely misses Natasha.
Your cerulean imp completely misses the cerulean imp.
The cerulean imp misses you.
Your guardian golem is engulfed in blazing flames.
Flame seeps out of your guardian golem.
The goblin hits your guardian golem but does no damage.
You hit Natasha but do no damage.
Natasha is moderately wounded.
Your quokka closely misses Natasha.
The cerulean imp misses you. Natasha claws you!
Your cerulean imp barely misses the cerulean imp.
The cerulean imp barely misses you.
Your guardian golem is engulfed in blazing flames.
Flame seeps out of your guardian golem.
The goblin hits your guardian golem but does no damage.
You closely miss Natasha.
Natasha is moderately wounded.
Your quokka completely misses Natasha.
The cerulean imp misses you. Natasha claws you.
* * * LOW HITPOINT WARNING * * *
Your cerulean imp closely misses the cerulean imp.
The cerulean imp misses you.
The goblin hits your guardian golem but does no damage.
Magic courses through your body.
Your quokka closely misses Natasha.
The cerulean imp closely misses you. Natasha claws you!
* * * LOW HITPOINT WARNING * * *
Your cerulean imp closely misses the cerulean imp.
The cerulean imp hits you from afar with a +2 spear!
You die...

##..#.# . .# .#.. ##..##.#
....#... #..###.# ...##.#.#..#
#.## #.. #.. ......# ###.# ###
##### #.. #....####...# .....
#..####5......#.##.......
......#.#...5hr.......########.
......#...####@5...)...#
.........###........####
.........g9..###..#.......
......#.###### ##.....####
......... .....## ..........
.##.#... #####.#h### .. .......
..... ## #####.. ...... ..#


You could see Natasha (ally target), 2 cerulean imps, a goblin (ally target), a
friendly guardian golem (summoned, inner flame), a friendly cerulean imp
(summoned, sheltered) and a friendly quokka (summoned, sheltered).

Vanquished Creatures
  A centaur (D:3)
  A gnoll (D:1)
  An adder (D:2)
  A dart slug (D:1)
  A ball python (D:1)
  3 bats
  3 goblins (D:1)
  A quokka (D:1)
  A kobold (D:1)
  2 rats
15 creatures vanquished.

Vanquished Creatures (collateral kills)
  A hound (D:3)
  An adder (D:2)
  A worm (D:2)
  A ball python (D:2)
  3 bats
  3 endoplasms
  2 giant cockroaches (D:2)
  A goblin (D:2)
  6 hobgoblins
  6 jackals (D:1)
  2 quokkas
  2 frilled lizards (D:1)
  4 kobolds
  3 rats
36 creatures vanquished.

Vanquished Creatures (others)
  A demonic plant (D:1)
1 creature vanquished.

Grand Total: 52 creatures vanquished

Notes
Turn   | Place    | Note
-------+----------+-------------------------------------------
     0 | D:1      | themarg the Merfolk Summoner began the quest for the Orb.
     0 | D:1      | Reached XP level 1. HP: 13/13 MP: 3/3
   261 | D:1      | Reached XP level 2. HP: 19/19 MP: 0/5
   603 | D:1      | Found a faded altar of an unknown god.
   862 | D:1      | Reached XP level 3. HP: 24/24 MP: 4/6
   865 | D:1      | Learned a level 2 spell: Call Imp
   869 | D:1      | Learned a level 3 spell: Summon Guardian Golem
  1003 | D:1      | Reached skill level 5 in Summonings
  1774 | D:2      | Reached XP level 4. HP: 30/30 MP: 4/7
  1872 | D:2      | Reached skill level 1 in Hexes
  2086 | D:2      | Found Lianosko's Antique Armour Shoppe.
  2751 | D:3      | Reached XP level 5. HP: 35/35 MP: 4/8
  2797 | D:3      | Noticed Natasha
  2797 | D:3      | Noticed a centaur
  2815 | D:3      | Killed a centaur
  2816 | D:3      | Reached skill level 6 in Summonings
  2821 | D:3      | Slain by a cerulean imp

Illustrated notes

Levels and vault maps discovered:
D:1:      evilmike_arrival_crescent, layout_basic,
          dreamdust_ecumenical_altar_sealed_demon
D:2:      layout_basic, serial_shops, nicolae_shop_overgrown_old_shop,
          st_stairs_4, nrook_mini_vaults
D:3:      layout_rooms, serial_shops, nicolae_shop_statue_plus, uniq_natasha

Skill      XL: |  1  2  3  4  5 |
---------------+----------------+-----
Summonings     | 5 6 |  6.4
Hexes          | 1 2 |  2.0
Dodging        | |  2.6
Stealth        | |  2.1
Spellcasting   | |  2.0

Action                     |  1- 3 |  4- 6 || total
---------------------------+-------+-------++-------
  Melee: Unarmed           |    10 |       ||    10
         Dagger            |    37 |    30 ||    67
         Punch             |       |     2 ||     2
   Cast: Summon Small Mamm |    53 |    24 ||    77
         Call Imp          |     9 |     9 ||    18
         Summon Guardian G |       |     1 ||     1
    Use: Potion            |       |     1 ||     1
   Stab: Sleeping          |       |     1 ||     1
 Armour: Robe              |    14 |     3 ||    17
  Dodge: Dodged            |    59 |    35 ||    94

Table legend: (Time is in decaauts)
 A = Elapsed time spent in this place.
 B = Non-inter-level travel time spent in this place.
 C = Inter-level travel time spent in this place.
 D = Time resting spent in this place.
 E = Time spent auto-exploring this place.
 F = Levels seen in this place.
 G = Mean time per level.
                   A        B        C        D        E       F      G
               +--------+--------+--------+--------+--------+-----+--------+
         Total |   2816 |   2694 |    122 |     45 |   1956 |   3 |  938.7 |
       Dungeon |   2816 |   2694 |    122 |     45 |   1956 |   3 |  938.7 |
               +--------+--------+--------+--------+--------+-----+--------+

Top non-repeatable levels by time:
     D:1: 1663 daAuts
     D:2: 972 daAuts
     D:3: 179 daAuts
